 Dungeon Crawl Stone Soup version 0.19-a0-1002-g674d22e (console) character file.

1953 brucemayne the Cleaver (level 8, -1/57 HPs)
             Began as a Vampire Berserker on July 18, 2016.
             Was a Believer of Trog.
             Slain by epen's ghost (8 damage)
             ... on level 9 of the Dungeon.
             The game lasted 00:14:11 (3234 turns).

brucemayne the Cleaver (Vampire Berserker)          Turns: 3234, Time: 00:14:12

Health: -1/57      AC:  7    Str: 18    XL:     8   Next: 99%
Magic:  8/8        EV: 10    Int:  9    God:    Trog [**....]
Gold:   225        SH:  0    Dex: 14    Spells: 0 memorised, 7 levels left

rFire  . . .     SeeInvis +     a - +1 hand axe
rCold  + . .     Gourm    .     t - +0 scale mail
rNeg   + + .     Faith    .     (no shield)
rPois  +         Spirit   .     (no helmet)
rElec  .         Dismiss  .     y - +0 cloak
rCorr  .         Reflect  .     (no gloves)
SustAt .         Harm     .     (no boots)
MR     .....                    (no amulet)
Stlth  ..........               (no ring)
                                (no ring)

@: exhausted, regenerating slowly, slowed, drained, very slow, not resistant to
hostile enchantments, extremely unstealthy
A: fangs 3, see invisible, unbreathing
a: Bat Form, Berserk, Trog's Hand, Burn Spellbooks, Renounce Religion


You were on level 9 of the Dungeon.
You worshipped Trog.
Trog was pleased with you.
You were very thirsty.

You visited 1 branch of the dungeon, and saw 9 of its levels.

You collected 225 gold pieces.

Inventory:

Hand Weapons
 a - a +1 hand axe (weapon)
 e - a -3 hand axe
 h - a +1 dagger of draining
Missiles
 k - 2 needles of frenzy
 q - 11 poisoned needles
Armour
 b - a +0 animal skin
 p - a +0 ring mail
 t - a +0 scale mail (worn)
 u - the +2 leather armour of the Fiend {*Confuse +Blink Regen+}
   (You found it on level 4 of the Dungeon)

   It lets you blink.
   It increases your rate of regeneration.
   It may confuse you when you take damage.
 w - a cursed +0 leather armour
 y - a +0 cloak (worn)
Jewellery
 d - an uncursed ring of wizardry
Wands
 s - a wand of lightning (10/15)
 x - a wand of lightning (6/15)
 A - a wand of acid (6/15)
Scrolls
 g - 6 scrolls of remove curse
 n - a scroll of noise
 v - a scroll of amnesia {unknown}
Potions
 c - 15 potions of blood
 f - a potion of lignification
 i - a potion of cure mutation {unknown}
 j - a potion of curing {unknown}
 l - 4 potions of heal wounds {unknown}
 z - a potion of might {unknown}


   Skills:
 - Level 2.6(1.9) Fighting
 + Level 11.0(10.0) Axes
 - Level 1.5(0.8) Armour
 - Level 2.1(1.4) Dodging


You had 7 spell levels left.
You didn't know any spells.

Dungeon Overview and Level Annotations

Branches:
Dungeon (9/15)               Lair (0/6) D:9
 Temple: D:4-7          Orc: D:9-12

Altars:
Xom

Shops:
D:9 *

Annotations:
D:9 epen's ghost, novice DrTm


Innate Abilities, Weirdness & Mutations

You heal slowly.
You have razor-sharp teeth.
You have supernaturally acute eyesight. (SInv)
You can survive without breathing.


Message History

Epen's ghost is almost destroyed.
Epen's ghost hits you.
You hit epen's ghost but do no damage.
Epen's ghost is almost destroyed.
Epen's ghost breathes negative energy at you.
The bolt of negative energy hits you! You partially resist.
You feel drained. Epen's ghost hits you!
* * * LOW HITPOINT WARNING * * *
You miss epen's ghost.
Epen's ghost is severely damaged.
Epen's ghost hits you!
* * * LOW HITPOINT WARNING * * *
Evoke which item? (* to show all) (? for menu, Esc to quit)
Zapping:
A - a wand of acid (7/15)
Press: ? - help, Shift-Dir - straight line, f - epen's ghost
Aim: epen's ghost (severely damaged, catching its breath)
The bolt of acid hits epen's ghost.
The acid corrodes epen's ghost!
Epen's ghost is almost destroyed.
This wand has 6 charges left.
Epen's ghost hits you!
You die...

#.###*.# #....#.## ##..#....#
#..§.§...# #.#.§.#..#
***#######* #........######
,,,.......* #...#.........#
,,,.......* #.............#
,,,.......* #.@......%....#
,,,.......* ###W..)).<....#
,,,.......#####.+...........#
,,,......$W..O..#.........>.#
,,,.......##############+####
,,,#######* *,* ,,,** *,*
,,,,* ***,* ,,,,* *,,,*


You could see epen's ghost.

Vanquished Creatures
  The ghost of crawlian the Firebug, a novice DEFE of Vehumet (D:7)
  Grinder (D:3)
  2 hippogriffs
  The ghost of Borgoz the Insei, an amateur MfTm (D:4)
  4 ogres
  2 giant frogs (D:6)
  3 crimson imps
  A giant frog zombie (D:8)
  A quasit (D:6)
  4 orc wizards
  An orc priest (D:6)
  A centaur skeleton (D:5)
  An iguana (D:5)
  2 worker ants (D:9)
  4 adders
  15 gnolls
  An ooze (D:2)
  3 adder skeletons
  A dart slug (D:2)
  4 giant geckos
  18 orcs
  A ball python (D:5)
  A giant cockroach (D:1)
  6 goblins (D:1)
  5 hobgoblins
  4 jackals
  A quokka (D:5)
  7 bats
  A giant cockroach zombie (D:5)
  3 giant newts
  5 kobolds
  A quokka skeleton (D:8)
  7 rats
113 creatures vanquished.

Vanquished Creatures (others)
  An orc wizard (D:5)
  An orc (D:5)
  4 fungi (D:9)
6 creatures vanquished.

Grand Total: 119 creatures vanquished

Notes
Turn   | Place    | Note
-------+----------+-------------------------------------------
     0 | D:1      | brucemayne the Vampire Berserker began the quest for the Orb.
     0 | D:1      | Reached XP level 1. HP: 17/17 MP: 1/1
   141 | D:1      | Reached skill level 3 in Axes
   199 | D:1      | Reached XP level 2. HP: 19/23 MP: 2/2
   483 | D:2      | Reached XP level 3. HP: 11/28 MP: 3/3
   519 | D:3      | Reached ** piety under Trog
   573 | D:3      | Noticed Grinder
   585 | D:3      | Paralysed by Grinder for 7 turns
   596 | D:3      | Killed Grinder
   596 | D:3      | Reached skill level 5 in Axes
   596 | D:3      | Reached XP level 4. HP: 8/34 MP: 4/4
   596 | D:3      | Reached XP level 5. HP: 9/39 MP: 5/5
   687 | D:3      | HP: 1/39 [rat (2)]
   875 | D:3      | Reached skill level 6 in Axes
  1021 | D:4      | Reached XP level 6. HP: 13/46 MP: 6/6
  1070 | D:5      | Entered Level 5 of the Dungeon
  1126 | D:4      | Noticed Borgoz's ghost (amateur MfTm)
  1135 | D:4      | Killed Borgoz's ghost
  1271 | D:6      | Reached skill level 7 in Axes
  1344 | D:5      | HP: 2/46 [centaur skeleton (5)]
  1420 | D:5      | Reached XP level 7. HP: 33/51 MP: 7/7
  1558 | D:5      | Found a shimmering altar of Xom.
  1776 | D:6      | Reached skill level 8 in Axes
  1944 | D:4      | Got a dazzling leather armour
  2144 | D:7      | Noticed a hippogriff
  2155 | D:7      | Killed a hippogriff
  2155 | D:7      | Reached skill level 9 in Axes
  2155 | D:7      | Reached XP level 8. HP: 57/57 MP: 8/8
  2162 | D:7      | Noticed crawlian's ghost (novice DEFE)
  2210 | D:7      | Killed crawlian's ghost
  2349 | D:7      | Identified the +2 leather armour of the Fiend {*Confuse +Blink Regen+} (You found it on level 4 of the Dungeon)
  2431 | D:8      | Reached skill level 10 in Axes
  3149 | D:9      | Found Wittemu's Demolitions Depot.
  3193 | D:9      | Noticed epen's ghost (novice DrTm)
  3208 | D:9      | Reached skill level 11 in Axes
  3234 | D:9      | Slain by epen's ghost

Vault maps used:
D:1:      kilobyte_arrival_exit_the_forest, minmay_tetromino_s2
D:3:      uniq_jessica, uniq_grinder
D:5:      xom_confusion_cloud, first_bread, uniq_crazy_yiuf_cottage
D:7:      serial_shops, shop, grunt_ministairs_4, uniq_joseph, uniq_duvessa
D:8:      grunt_temple_overflow_diamond, blue_anna_alchemist
D:9:      grunt_temple_overflow_open, grunt_lair_entry_orc_guard_hut,
          enter_bailey_2, nicolae_blasting_shop, uniq_pikel

Skill      XL: |  1  2  3  4  5  6  7  8 |
---------------+-------------------------+-----
Axes           | 3 5 6 7 9 11 | 11.0
Fighting       | |  2.6
Armour         | |  1.5
Dodging        | |  2.1

Action                   |  1- 3 |  4- 6 |  7- 9 || total
-------------------------+-------+-------+-------++-------
Melee: Hand axe          |    63 |    81 |   260 ||   404
       Bite              |     3 |     7 |    32 ||    42
Invok: Berserk           |     2 |     4 |    10 ||    16
       Trog's Hand       |     1 |     5 |    10 ||    16
 Abil: End Transformatio |       |     3 |     1 ||     4
       Bat Form          |       |     3 |     1 ||     4
Evoke: Wand              |       |       |     2 ||     2
  Use: Potion            |     3 |     8 |    18 ||    29
       Scroll            |       |     3 |     8 ||    11
 Stab: Sleeping          |     3 |       |       ||     3
Armor: Animal skin       |     6 |    17 |       ||    23
       Skin              |     1 |       |       ||     1
       Ring mail         |       |     6 |     9 ||    15
       Scale mail        |       |       |    73 ||    73
Dodge: Dodged            |    47 |    79 |   122 ||   248
